 Dungeon Sprint DCSS version 0.27-a0-1139-g28e009f8a6 (webtiles) character file.

Game seed: 3299909303195745018

18 mhtbhm the Firebug (level 2, 0/16 HPs)
             Began as a Deep Elf Fire Elementalist on May 7, 2021.
             Was a Priest of Vehumet.
             Slain by a black bear (4 damage)
             ... in the Dungeon (Sprint VII: "The Pits").
             The game lasted 00:01:41 (1058 turns).

mhtbhm the Firebug (Deep Elf Fire Elementalist)     Turns: 1058, Time: 00:01:42

Health: 0/16       AC:  2    Str:  5    XL:     2   Next: 48%
Magic:  6/9        EV: 13    Int: 19    God:    Vehumet [***...]
Gold:   0          SH:  0    Dex: 15    Spells: 8/9 levels left

rFire    . . .     SeeInvis .   k - +2 dagger (drain)
rCold    . . .     Faith    .   (no shield)
rNeg     . . .     Spirit   .   a - +0 robe
rPois    .         Reflect  .   (no helmet)
rElec    .         Harm     .   (no cloak)
rCorr    .         Rampage  .   (no gloves)
Will     .....     NoTele   +   (no boots)
Stlth    ++........             (no amulet)
HPRegen  0.05/turn              (no ring)
MPRegen  0.11/turn              (no ring)

@: no status effects
A: no striking features
a: Renounce Religion


You were in the Dungeon.
You worshipped Vehumet.
Vehumet was most pleased with you.
You visited 1 branch

Inventory:

Hand Weapons
 k - a +2 dagger of draining (weapon)
Armour
 a - a +0 robe (worn)
Scrolls
 h - a scroll of blinking
 i - 5 scrolls of amnesia
 j - a scroll of summoning
Potions
 b - 2 potions of invisibility
 c - 6 potions of curing
 d - 4 potions of heal wounds
 e - a potion of haste
 f - 4 potions of magic
 g - 3 potions of berserk rage


   Skills:
 - Level 1.0 Fighting
 + Level 3.1 Dodging
 - Level 2.9 Stealth
 + Level 4.1 Spellcasting
 + Level 1.7 Conjurations
 + Level 5.0 Fire Magic


You had 8 spell levels left.
You knew the following spells:

 Your Spells              Type           Power      Damage    Failure   Level
a - Foxfire               Conj/Fire      64%        2x1d7     1%          1

Your spell library contained the following spells:

 Spells                   Type           Power      Damage    Failure   Level
 Mephitic Cloud           Conj/Pois/Air  6%         N/A       9%          3
 Conjure Flame            Conj/Fire      16%        6-21      2%          3
 Inner Flame              Hex/Fire       13%        N/A       4%          3
 Sticky Flame             Conj/Fire      16%        2d4       9%          4
 Fireball                 Conj/Fire      8%         3d6       24%         5


Dungeon Overview and Level Annotations

Branches:
Dungeon (1/1)

Altars:
Ashenzari
Cheibriados
Dithmenos
Elyvilon
Fedhas
Gozag
Hepliaklqana
Kikubaaqudgha
Makhleb
Nemelex Xobeh
Okawaru
Qazlal
Ru
Sif Muna
Trog
Uskayaw
Vehumet
Wu Jian
Xom
Yredelemnul
Zin
The Shining One
Beogh
Jiyva
Lugonu


Message History

The bullfrog closely misses you. The bullfrog hits you.
* * * LOW HITPOINT WARNING * * *
The bullfrog barely misses you.
You feel much better. The bullfrog hits you. The bullfrog closely misses you.
The bullfrog barely misses you.
Casting: Foxfire (safe; 3% risk of failure)
Confirm with . or Enter, or press ? or * to list all spells.
You conjure some foxfire!
The bullfrog closely misses you.
The foxfire hits the rat.
You kill the rat!
Vehumet accepts your kill.
Vehumet offers you knowledge of Mephitic Cloud.
Vehumet is now aiding your destructive spells.
Unknown command.
Your foxfire dissipates!
The bullfrog snags a nearby moth with its tongue.
The bullfrog misses you. The bullfrog hits you!
Ouch! That really hurt!
There is an open door to the Storerooms (Easy), spattered with blood here.
The bullfrog completely misses you.
Casting: Foxfire (safe; 1% risk of failure)
Confirm with . or Enter, or press ? or * to list all spells.
You conjure some foxfire!
The bullfrog closely misses you.
Unknown command.
You feel much better.
The foxfire hits the bullfrog.
The bullfrog is severely wounded.
The foxfire hits the bullfrog.
The bullfrog is almost dead.
The bullfrog hits you. x2
Unknown command.
Casting: Foxfire (safe; 1% risk of failure)
Confirm with . or Enter, or press ? or * to list all spells.
You conjure some foxfire!
The bullfrog closely misses you. The black bear bites you.
* * * LOW HITPOINT WARNING * * *
The black bear claws you.
You die...

############
#_________.#
#_________.#
#_______...###########++
##########'##...........
#.?(.')))'.##......#..#.
##########.##hv.........
#...........'F@.........
#'#####'#####v.....#..#.
#.#...#.#[[##...........
#r#...#.#))#####'#####++
#.#...'.#))##.......#
#h##'####))##.......#
#.#.....#..##.......#
#.#..รท..#'###...<...#
#.#........##.......#


You could see a black bear (ally target) and a bullfrog (ally target).

Vanquished Creatures
  A white imp (D)
  2 ball pythons (D)
  2 endoplasms (D)
  2 jackals (D)
  2 bats (D)
  A quokka skeleton (D)
  A rat (D)
11 creatures vanquished.

Vanquished Creatures (others)
  39 foxfires (D)
39 creatures vanquished.

Grand Total: 50 creatures vanquished

Notes
Turn   | Place    | Note
-------+----------+-------------------------------------------
     0 | D        | mhtbhm the Deep Elf Fire Elementalist began the quest for
                  | the Orb.
     0 | D        | Reached XP level 1. HP: 10/10 MP: 6/6
   174 | D        | Found a bloodstained altar of Trog.
   174 | D        | Found a shimmering blue altar of Sif Muna.
   174 | D        | Found a viscous altar of Jiyva.
   174 | D        | Found a hazy altar of Hepliaklqana.
   174 | D        | Found an opulent altar of Gozag.
   175 | D        | Found a glowing golden altar of the Shining One.
   175 | D        | Found a glowing silver altar of Zin.
   175 | D        | Found a basalt altar of Yredelemnul.
   175 | D        | Found a shimmering altar of Xom.
   175 | D        | Found an ornate altar of the Wu Jian Council.
   175 | D        | Found a sacrificial altar of Ru.
   175 | D        | Found a stormy altar of Qazlal.
   175 | D        | Found an iron altar of Okawaru.
   175 | D        | Found a sparkling altar of Nemelex Xobeh.
   175 | D        | Found a burning altar of Makhleb.
   175 | D        | Found a blossoming altar of Fedhas.
   175 | D        | Found a white marble altar of Elyvilon.
   175 | D        | Found a shadowy altar of Dithmenos.
   175 | D        | Found a snail-covered altar of Cheibriados.
   177 | D        | Found a radiant altar of Vehumet.
   177 | D        | Found a corrupted altar of Lugonu.
   178 | D        | Found a hide-covered altar of Uskayaw.
   178 | D        | Found an ancient bone altar of Kikubaaqudgha.
   178 | D        | Found a broken altar of Ashenzari.
   187 | D        | Became a worshipper of Vehumet
   241 | D        | Reached skill level 4 in Fire Magic
   401 | D        | Reached * piety under Vehumet
   401 | D        | Offered knowledge of Shock by Vehumet.
   583 | D        | Reached ** piety under Vehumet
   584 | D        | Reached XP level 2. HP: 16/16 MP: 6/8
   705 | D        | Offered knowledge of Freeze by Vehumet.
   706 | D        | Reached skill level 1 in Fighting
   712 | D        | Reached skill level 5 in Fire Magic
  1027 | D        | Noticed a bullfrog
  1027 | D        | Noticed a black bear
  1049 | D        | Offered knowledge of Mephitic Cloud by Vehumet.
  1049 | D        | Reached *** piety under Vehumet
  1058 | D        | Slain by a black bear

Illustrated notes

Levels and vault maps discovered:
D:        pitsprint [storerooms_1, entrance_room_1, metal_vault_5, armoury_3,
          mini_pit_1, grid_room_1, main_hall_1, silver_pit, the_coven_3,
          the_vestibule_1, steel_vault_1, golden_pit, hallway_of_sentries,
          crystal_vault_5, iron_vault_4, final_vault]

Skill      XL: |  1  2 |
---------------+-------+-----
Fire Magic     | 4 5 |  5.0
Fighting       | 1 |  1.0
Dodging        | 3 |  3.1
Spellcasting   | 4 |  4.1
Stealth        | |  2.9
Conjurations   | |  1.7

Action                   || total
-------------------------++-------
 Cast: Foxfire           ||    28
  Use: Potion            ||     2
Armor: Robe              ||     6
Dodge: Dodged            ||    21

Table legend: (Time is in decaauts)
 A = Elapsed time spent in this place.
 B = Non-inter-level travel time spent in this place.
 C = Inter-level travel time spent in this place.
 D = Time resting spent in this place.
 E = Time spent auto-exploring this place.
 F = Levels seen in this place.
 G = Mean time per level.
                   A        B        C        D        E       F      G
               +--------+--------+--------+--------+--------+-----+--------+
         Total |   1057 |   1057 |      0 |    787 |     31 |   1 | 1057.0 |
       Dungeon |   1057 |   1057 |      0 |    787 |     31 |   1 | 1057.0 |
               +--------+--------+--------+--------+--------+-----+--------+

Top non-repeatable levels by time:
       D: 1057 daAuts
